MWL (24 & UNDER)
EVANSTON ELITISTS @ GRIM REAPERS
08/03/2030
 
TOP OF THE 1ST
Evanston Elitists batting - Pitching for Grim Reapers : LHP Roy Burke
Pitching: LHP Roy Burke
Batting: SHB Troy Abreu 0-0: Ball
1-0: Fly out, F8 (Flyball, 78D)
Batting: RHB Zhong-xian Pai 0-0: Called Strike
0-1: Ball
1-1: SINGLE (Flyball, 89S)
Batting: RHB Greg Nichols 0-0: Ball
1-0: Called Strike
1-1: Called Strike
1-2: Foul Ball, location: 2F
1-2: DOUBLE (Flyball, 78D)
Zhong-xian Pai to third
Batting: RHB Cristóbal Calderón 0-0: Foul Ball, location: 2F
0-1: SINGLE (Groundball, 56D)
Zhong-xian Pai scores
Greg Nichols to third
Runner from 3rd tries for Home, SAFE, throw made home
Cristóbal Calderón to second
Batting: RHB Troy Johnson 0-0: Called Strike
0-1: Swinging Strike
0-2: Ball
Wild Pitch!
Cristóbal Calderón to third
1-2: Strikes out swinging
Batting: RHB Joe Farrell 0-0: Called Strike
0-1: Ground out 6-3 (Groundball, 6)
Top of the 1st over - 2 runs, 3 hits, 0 errors, 1 left on base; Evanston 2 - Grim 0
BOTTOM OF THE 1ST
Grim Reapers batting - Pitching for Evanston Elitists : RHP Jesús Cervantes
Pitching: RHP Jesús Cervantes
Batting: LHB Todd Emery 0-0: Ball
1-0: Ball
2-0: Ball
3-0: Base on Balls
Batting: SHB Luis Sotelo 0-0: Ball
1-0: Foul Ball, location: 2F
1-1: Ball
2-1: Grounds into double play, 4-6-3 (Groundball, 4)
Batting: LHB Benny Lawson 0-0: Ball
1-0: Foul Ball, location: 2F
1-1: DOUBLE (Groundball, 5L)
Batting: RHB Ramón Sánchez 0-0: Called Strike
0-1: Swinging Strike
0-2: Ball
1-2: Strikes out looking
Bottom of the 1st over - 0 runs, 1 hit, 0 errors, 1 left on base; Evanston 2 - Grim 0
TOP OF THE 2ND
Evanston Elitists batting - Pitching for Grim Reapers : LHP Roy Burke
Batting: LHB Jean-Sébastien Beaudin 0-0: Called Strike
0-1: Ball
1-1: Foul Ball, location: 2F
1-2: Foul Ball, location: 2F
1-2: Foul Ball, location: 2F
1-2: Strikes out swinging
Batting: RHB Bruce Adams 0-0: Called Strike
0-1: Fly out, F9 (Line Drive, 9LM)
Batting: SHB Claas van der Kuijl 0-0: Called Strike
0-1: Ground out 1-4-3 (Groundball, 15S)
Top of the 2nd over - 0 runs, 0 hits, 0 errors, 0 left on base; Evanston 2 - Grim 0
BOTTOM OF THE 2ND
Grim Reapers batting - Pitching for Evanston Elitists : RHP Jesús Cervantes
Batting: RHB Phil Martin 0-0: Fly out, F6 (Popup, 4MD)
Batting: RHB Arturo Franco 0-0: Ground out 6-3 (Groundball, 6)
Batting: RHB Pedro López 0-0: Fly out, F7 (Flyball, 7S)
Bottom of the 2nd over - 0 runs, 0 hits, 0 errors, 0 left on base; Evanston 2 - Grim 0
TOP OF THE 3RD
Evanston Elitists batting - Pitching for Grim Reapers : LHP Roy Burke
Batting: SHB Troy Abreu 0-0: Called Strike
0-1: Ball
1-1: Ball
2-1: Reached on error, E6 (Groundball, 6)
Batting: RHB Zhong-xian Pai 0-0: Called Strike
Troy Abreu steals 2nd base
0-1: Ball
1-1: SINGLE (Groundball, 4MD)
Troy Abreu to third
Runner from 3rd tries for Home, SAFE, throw made home
Batting: RHB Greg Nichols 0-0: Ball
1-0: Called Strike
1-1: Ball
2-1: Called Strike
2-2: Ball
3-2: Base on Balls
Zhong-xian Pai to second
Batting: RHB Cristóbal Calderón 0-0: Called Strike
0-1: Called Strike
0-2: Ball
1-2: Ball
2-2: Ball
3-2: Foul Ball, location: 2F
3-2: Strikes out swinging
Batting: RHB Troy Johnson 0-0: Ball
1-0: Called Strike
1-1: Called Strike
1-2: Ball
2-2: Grounds into double play, 5-4-3 (Groundball, 5)
Top of the 3rd over - 1 run, 1 hit, 1 error, 1 left on base; Evanston 3 - Grim 0
BOTTOM OF THE 3RD
Grim Reapers batting - Pitching for Evanston Elitists : RHP Jesús Cervantes
Batting: RHB Fred Wagner 0-0: Called Strike
0-1: Ball
1-1: Ball
2-1: Foul Ball, location: 2F
2-2: DOUBLE (Line Drive, 89D)
Batting: RHB Mario Barker 0-0: Foul Ball, location: 2F
0-1: Ball
1-1: Ball
2-1: Foul Ball, location: 2F
2-2: Foul Ball, location: 2F
2-2: Ball
3-2: Ground out 4-3 (Groundball, 4M)
Fred Wagner to third
Batting: LHB Todd Emery 0-0: Ball
1-0: SINGLE (Line Drive, 34)
Fred Wagner scores
Batting: SHB Luis Sotelo 0-0: Ball
1-0: Swinging Strike
1-1: Ball
2-1: Fly out, F9 (Flyball, 9S)
Batting: LHB Benny Lawson 0-0: Ball
1-0: Swinging Strike
1-1: Fly out, F7 (Flyball, 7)
Bottom of the 3rd over - 1 run, 2 hits, 0 errors, 1 left on base; Evanston 3 - Grim 1
TOP OF THE 4TH
Evanston Elitists batting - Pitching for Grim Reapers : LHP Roy Burke
Batting: RHB Joe Farrell 0-0: Ball
1-0: Ball
2-0: Ball
3-0: Base on Balls
Batting: LHB Jean-Sébastien Beaudin 0-0: Called Strike
0-1: Ball
1-1: Called Strike
1-2: Ball
2-2: Strikes out swinging
Batting: RHB Bruce Adams 0-0: Called Strike
0-1: Called Strike
0-2: Ball
1-2: Foul Ball, location: 2F
1-2: Foul Ball, location: 2F
1-2: Foul Ball, location: 2F
1-2: Strikes out swinging
Batting: SHB Claas van der Kuijl 0-0: Ball
1-0: Foul Ball, location: 2F
1-1: DOUBLE (Line Drive, 7LM)
Joe Farrell to third
Runner from 3rd tries for Home, SAFE, no throw
Batting: SHB Troy Abreu 0-0: Ball
1-0: Swinging Strike
1-1: Ball
2-1: Foul Ball, location: 2F
2-2: Ground out 4-3 (Groundball, 4)
Top of the 4th over - 1 run, 1 hit, 0 errors, 1 left on base; Evanston 4 - Grim 1
BOTTOM OF THE 4TH
Grim Reapers batting - Pitching for Evanston Elitists : RHP Jesús Cervantes
Batting: RHB Ramón Sánchez 0-0: Foul Ball, location: 2F
0-1: Ball
1-1: Foul Ball, location: 2F
1-2: Strikes out swinging
Batting: RHB Phil Martin 0-0: Ball
1-0: Ball
2-0: Foul Ball, location: 2F
2-1: Ground out U3 (Groundball, 34S)
Batting: RHB Arturo Franco 0-0: Called Strike
0-1: Ball
1-1: Ball
2-1: Swinging Strike
2-2: Strikes out swinging
Bottom of the 4th over - 0 runs, 0 hits, 0 errors, 0 left on base; Evanston 4 - Grim 1
TOP OF THE 5TH
Evanston Elitists batting - Pitching for Grim Reapers : LHP Roy Burke
Batting: RHB Zhong-xian Pai 0-0: Ball
1-0: Called Strike
1-1: Ground out 4-3 (Groundball, 4M)
Batting: RHB Greg Nichols 0-0: Called Strike
0-1: Ball
1-1: Ball
2-1: Called Strike
2-2: Ball
3-2: Ground out 6-3 (Groundball, 6)
Batting: RHB Cristóbal Calderón 0-0: Called Strike
0-1: Ball
1-1: Foul Ball, location: 2F
1-2: Strikes out swinging
Top of the 5th over - 0 runs, 0 hits, 0 errors, 0 left on base; Evanston 4 - Grim 1
BOTTOM OF THE 5TH
Grim Reapers batting - Pitching for Evanston Elitists : RHP Jesús Cervantes
Batting: RHB Pedro López 0-0: Swinging Strike
0-1: Swinging Strike
0-2: Ball
1-2: Ball
2-2: Foul Ball, location: 2F
2-2: Foul Ball, location: 2F
2-2: Strikes out swinging
Batting: RHB Fred Wagner 0-0: Foul Ball, location: 2F
0-1: Ball
1-1: Ball
2-1: Fly out, F8 (Flyball, 8RXD)
Batting: RHB Mario Barker 0-0: Ball
1-0: Swinging Strike
1-1: Foul Ball, location: 2F
1-2: Ball
2-2: Ball
3-2: Strikes out swinging
Bottom of the 5th over - 0 runs, 0 hits, 0 errors, 0 left on base; Evanston 4 - Grim 1
TOP OF THE 6TH
Evanston Elitists batting - Pitching for Grim Reapers : LHP Roy Burke
Pitching: RHP Roger Coulombe
Batting: RHB Troy Johnson 0-0: Ball
1-0: Ball
2-0: Ball
3-0: Base on Balls
Batting: RHB Joe Farrell 0-0: Ball
1-0: Called Strike
1-1: Swinging Strike
1-2: Ball
2-2: Strikes out swinging
Batting: LHB Jean-Sébastien Beaudin 0-0: Swinging Strike
0-1: Ball
1-1: Ball
2-1: Swinging Strike
2-2: Ball
3-2: Strikes out swinging
Batting: RHB Bruce Adams 0-0: Called Strike
0-1: Ball
1-1: Ball
2-1: Ball
3-1: Foul Ball, location: 2F
3-2: Strikes out swinging
Top of the 6th over - 0 runs, 0 hits, 0 errors, 1 left on base; Evanston 4 - Grim 1
BOTTOM OF THE 6TH
Grim Reapers batting - Pitching for Evanston Elitists : RHP Jesús Cervantes
Batting: LHB Todd Emery 0-0: Called Strike
0-1: Foul Ball, location: 2F
0-2: Ball
1-2: Ball
2-2: SINGLE (Groundball, 56D)
Batting: SHB Luis Sotelo 0-0: Grounds into double play, 4-6-3 (Groundball, 4)
Batting: LHB Benny Lawson 0-0: Ball
1-0: Called Strike
1-1: Ball
2-1: Swinging Strike
2-2: Ball
3-2: Strikes out looking
Bottom of the 6th over - 0 runs, 1 hit, 0 errors, 0 left on base; Evanston 4 - Grim 1
TOP OF THE 7TH
Evanston Elitists batting - Pitching for Grim Reapers : RHP Roger Coulombe
Batting: SHB Claas van der Kuijl 0-0: Ground out 4-3 (Groundball, 4)
Batting: SHB Troy Abreu 0-0: Called Strike
0-1: Ball
1-1: Called Strike
1-2: Ball
2-2: Strikes out swinging, 2-3 out at first.
Batting: RHB Zhong-xian Pai 0-0: Ball
1-0: Ground out 5-3 (Groundball, 5L)
Top of the 7th over - 0 runs, 0 hits, 0 errors, 0 left on base; Evanston 4 - Grim 1
BOTTOM OF THE 7TH
Grim Reapers batting - Pitching for Evanston Elitists : RHP Jesús Cervantes
Batting: RHB Ramón Sánchez 0-0: Called Strike
0-1: Ball
1-1: Called Strike
1-2: Ball
2-2: Strikes out looking
Batting: RHB Phil Martin 0-0: Called Strike
0-1: Called Strike
0-2: Ball
1-2: Ball
2-2: Foul Ball, location: 2F
2-2: Foul Ball, location: 2F
2-2: Ball
3-2: Ground out 4-3 (Groundball, 4M)
Batting: RHB Arturo Franco 0-0: Fly out, F8 (Flyball, 8LM)
Bottom of the 7th over - 0 runs, 0 hits, 0 errors, 0 left on base; Evanston 4 - Grim 1
TOP OF THE 8TH
Evanston Elitists batting - Pitching for Grim Reapers : RHP Roger Coulombe
Batting: RHB Greg Nichols 0-0: Ball
1-0: Ball
2-0: Foul Ball, location: 2F
2-1: Called Strike
2-2: Ball
3-2: Base on Balls
Batting: RHB Cristóbal Calderón 0-0: Called Strike
0-1: Ball
1-1: Called Strike
1-2: Strikes out swinging
Batting: RHB Troy Johnson 0-0: Ball
1-0: Swinging Strike
1-1: Swinging Strike
1-2: SINGLE (Groundball, 6MD)
Greg Nichols to second
Batting: RHB Joe Farrell 0-0: SINGLE (Flyball, 7LS)
Greg Nichols to third
Troy Johnson to second
Batting: LHB Jean-Sébastien Beaudin 0-0: Ball
1-0: Called Strike
1-1: Fly out, F8 (Flyball, 8LD)
Runner from 3rd tags up, OUT at HOME
Top of the 8th over - 0 runs, 2 hits, 0 errors, 2 left on base; Evanston 4 - Grim 1
BOTTOM OF THE 8TH
Grim Reapers batting - Pitching for Evanston Elitists : RHP Jesús Cervantes
Pitching: RHP Leonard Clements
Batting: RHB Pedro López 0-0: Ball
1-0: Ball
2-0: Ground out 5-3 (Groundball, 56S)
Batting: RHB Fred Wagner 0-0: Called Strike
0-1: Called Strike
0-2: Ground out 5-3 (Groundball, 5L)
Batting: RHB Mario Barker 0-0: Called Strike
0-1: Ground out 6-3 (Groundball, 6)
Bottom of the 8th over - 0 runs, 0 hits, 0 errors, 0 left on base; Evanston 4 - Grim 1
TOP OF THE 9TH
Evanston Elitists batting - Pitching for Grim Reapers : RHP Roger Coulombe
Batting: RHB Bruce Adams 0-0: Ball
1-0: Ball
2-0: Ground out 6-3 (Groundball, 56)
Batting: SHB Claas van der Kuijl 0-0: Called Strike
0-1: Ball
1-1: Reached on error, E6 (Groundball, 6)
Batting: SHB Troy Abreu 0-0: Foul Ball, location: 2F
0-1: Reached on error, E5 (Groundball, 56)
Claas van der Kuijl to second
Batting: RHB Zhong-xian Pai 0-0: Ball
1-0: Ball
Claas van der Kuijl is caught stealing 3rd base
Troy Abreu to second
2-0: Swinging Strike
2-1: Swinging Strike
2-2: Ball
3-2: Strikes out swinging
Top of the 9th over - 0 runs, 0 hits, 2 errors, 1 left on base; Evanston 4 - Grim 1
BOTTOM OF THE 9TH
Grim Reapers batting - Pitching for Evanston Elitists : RHP Leonard Clements
Pitching: RHP António Acosta
Batting: LHB Todd Emery 0-0: Ball
1-0: Ball
2-0: Swinging Strike
2-1: Foul Ball, location: 2F
2-2: Foul Ball, location: 2F
2-2: Strikes out looking
Batting: SHB Luis Sotelo 0-0: Foul Ball, location: 2F
0-1: Swinging Strike
0-2: Strikes out looking
Batting: LHB Benny Lawson 0-0: Foul Ball, location: 2F
0-1: Foul Ball, location: 2F
0-2: Foul Ball, location: 2F
0-2: Foul Ball, location: 2F
0-2: Ball
1-2: Foul Ball, location: 2F
1-2: Ball
2-2: SOLO HOME RUN (Flyball, 9D), Distance : 410 ft
Batting: RHB Ramón Sánchez 0-0: Ball
1-0: Ball
2-0: Called Strike
2-1: Fly out, F7 (Flyball, 7)
Bottom of the 9th over - 1 run, 1 hit, 0 errors, 0 left on base; Evanston 4 - Grim 2
Saturday, April 7th, 2018 - OOTP Baseball 18.8 Build 76